 Dungeon Crawl Stone Soup version 0.16-a0-2702-gfff482a (webtiles) character file.

102 esc the Skirmisher (level 4, -1/37 HPs)
             Began as a Demonspawn Fighter on Nov 25, 2014.
             Was a Follower of Ru.
             Slain by Prince Ribbit (13 damage)
             ... on level 4 of the Dungeon.
             The game lasted 00:07:57 (2941 turns).

esc the Skirmisher (Demonspawn Fighter)             Turns: 2941, Time: 00:07:57

Health: -1/37      AC:  9    Str: 17    XL:     4   Next: 50%
Magic:  0/1        EV:  9    Int:  9    God:    Ru [*.....]
Gold:   188        SH:  0    Dex: 13    Spells: 0 memorised, 3 levels left

rFire  . . .     SeeInvis .     k - +2 spear (antimagic)
rCold  + . .     Clarity  .     b - +0 scale mail
rNeg   . . .     SustAb   .     (no shield)
rPois  .         Gourm    .     g - +2 helmet
rElec  .         Spirit   +     (no cloak)
rCorr  .         Warding  .     (no gloves)
rMut   .         Stasis   .     (no boots)
MR     .....                    j - amulet of guardian spirit
Stlth  ..........               p - ring of wizardry
                                h - ring of flight

@: not resistant to hostile enchantments, extremely unstealthy
A: thin metallic scales 1, cold resistance 1, freezing cloud immunity,
vulnerability to harm 1
a: Renounce Religion, Evoke Flight


You were on level 4 of the Dungeon.
You worshipped Ru.
Ru was aware of your devotion.
You were very hungry.

You visited 1 branch of the dungeon, and saw 4 of its levels.

You collected 188 gold pieces.

Inventory:

Hand weapons
 f - a +0 blowgun
 k - a +2 antimagic spear (weapon)
Missiles
 a - a throwing net
 i - 10 poisoned needles
 u - 17 stones (quivered)
Armour
 b - a +0 scale mail (worn)
 c - a +0 shield
 g - a +2 helmet (worn)
 t - a +0 ring mail
Jewellery
 h - a ring of flight (left hand)
 j - an amulet of guardian spirit (around neck)
 m - an uncursed amulet of resist corrosion
 p - a ring of wizardry (right hand)
Magical devices
 l - a wand of paralysis (13)
Scrolls
 o - a scroll of immolation
 v - a scroll of remove curse
Potions
 e - a potion of brilliance
Books
 r - a book of Alchemy

   Spells                             Type                      Level
   Sublimation of Blood               Necromancy                   2
   Alistair's Intoxication            Transmutation/Poison         4
   Condensation Shield                Ice                          4
   Petrify                            Transmutation/Earth          4
   Ignite Poison                      Fire/Transmutation           5
   Irradiate                          Conjuration/Transmutation    5
Comestibles
 d - a bread ration
 n - 2 meat rations


   Skills:
 + Level 3.7 Fighting
 + Level 2.7 Polearms
 + Level 3.3 Armour
 + Level 1.4 Dodging
 - Level 2.6 Shields


You had 3 spell levels left.
You didn't know any spells.

Dungeon Overview and Level Annotations

Branches:
Dungeon (4/15)
 Temple: D:4-7

Altars:
Dithmenos
Kikubaaqudgha
Nemelex Xobeh
Qazlal
Ru

Annotations:
D:4 Prince Ribbit


Innate Abilities, Weirdness & Mutations

You are partially covered in thin metallic scales (AC +2).
Your flesh is cold resistant.
You are immune to freezing clouds.
You take slightly more damage. (-3 AC)


Message History

Your surroundings suddenly seem different.
Prince Ribbit comes into view.
Prince Ribbit gives a loud, deep croak!
Found three items.
Found a stone staircase leading down.
You closely miss Prince Ribbit. Prince Ribbit closely misses you.
You closely miss Prince Ribbit. Prince Ribbit hits you!
Prince Ribbit momentarily phases out as your attack passes through him.
Prince Ribbit hits you but does no damage.
Prince Ribbit hits you!
Drink which item? (? for menu, Esc to quit)
That liquid tasted very nasty...
You are poisoned.
It was a potion of poison.
You feel sick.
Prince Ribbit hits you but does no damage.
Drink which item? (? for menu, Esc to quit)
You feel better. Prince Ribbit hits you! Prince Ribbit hits you.
Read which item? (? for menu, Esc to quit)
Okay, then.
Prince Ribbit momentarily phases out as your attack passes through him.
Prince Ribbit hits you!
You die...

.## .$.......
...........
.............
...............
.............
.........%.#
...........#
.......F@..#
#..........#
##?..>....#
#.......##
#.......#
....##### .##


You could see Prince Ribbit.

Vanquished Creatures
  4 gnolls (D:3)
  An adder (D:3)
  A worm (D:3)
  A giant gecko (D:1)
  4 bats
  6 goblins
  6 hobgoblins
  6 jackals
  A giant cockroach (D:1)
  2 giant newts (D:2)
  11 kobolds
  A quokka (D:3)
  6 rats
50 creatures vanquished.

Notes
Turn   | Place    | Note
--------------------------------------------------------------
     0 | D:1      | esc, the Demonspawn Fighter, began the quest for the Orb.
     0 | D:1      | Reached XP level 1. HP: 18/18 MP: 1/1
   174 | D:1      | Gained mutation: Your flesh is cold resistant. [demonic ancestry]
   174 | D:1      | Reached XP level 2. HP: 24/24 MP: 2/2
  1033 | D:2      | Gained mutation: You are immune to freezing clouds. [demonic ancestry]
  1033 | D:2      | Reached XP level 3. HP: 22/29 MP: 3/3
  1051 | D:2      | Found a sacrificial altar of Ru.
  1071 | D:2      | Became a worshipper of Ru the Awakened
  1397 | D:2      | Found a sparkling altar of Nemelex Xobeh.
  1673 | D:2      | Found a shadowy altar of Dithmenos.
  1725 | D:2      | Found an ancient bone altar of Kikubaaqudgha.
  2028 | D:3      | Found a stormy altar of Qazlal.
  2067 | D:3      | Reached skill level 1 in Dodging
  2148 | D:3      | Gained mutation: You take slightly more damage. (-3 AC) [Ru sacrifice]
  2148 | D:3      | Acquired Ru's first power
  2365 | D:3      | Gained mutation: You are partially covered in thin metallic scales (AC +2). [demonic ancestry]
  2365 | D:3      | Reached XP level 4. HP: 19/35 MP: 0/4
  2935 | D:4      | Noticed Prince Ribbit
  2941 | D:4      | Slain by Prince Ribbit

Action                   |  1- 3 |  4- 6 || total
-------------------------+-------+-------++-------
Melee: Trident           |   137 |     4 ||   141
       Spear             |       |    13 ||    13
Invok: Sacrifice Health  |     1 |       ||     1
  Use: Potion            |     6 |     2 ||     8
       Scroll            |     7 |     1 ||     8
 Stab: Invisible         |     1 |       ||     1
  Eat: Chunk             |     3 |     1 ||     4
       Beef jerky        |     1 |       ||     1
